 Dungeon Crawl Stone Soup version 0.28-a0-828-g0121872642 (webtiles) character file.

Game seed: 11502519974465227198

51 iamoutofideas the Grasshopper (level 3, -10/31 HPs)
             Began as a Gnoll Warper on Nov 10, 2021.
             Killed by nerve-wracking pain
             ... invoked by a shadow imp
             ... summoned by Natasha
              (13 damage)
             ... on level 2 of the Dungeon.
             The game lasted 00:01:50 (1659 turns).

iamoutofideas the Grasshopper (Gnoll Warper)        Turns: 1659, Time: 00:01:51

Health: -10/31     AC:  3    Str: 11    XL:     3   Next: 81%
Magic:  9/9        EV: 12    Int: 12    God:
Gold:   64         SH:  0    Dex: 11    Spells: 12/12 levels left

rFire   . . .      SeeInvis .   a - +0 hand axe
rCold   . . .      Faith    .   (no shield)
rNeg    . . .      Spirit   .   b - +0 leather armour
rPois   .          Reflect  .   (no helmet)
rElec   .          Harm     .   (no cloak)
rCorr   .          Rampage  .   (no gloves)
Will    .....                   (no boots)
Stlth   +.........              (no amulet)
HPRegen 0.10/turn               (no ring)
MPRegen 0.11/turn               (no ring)

@: no status effects
A: fangs 1, strong nose, distributed training
a: no special abilities


You were on level 2 of the Dungeon.
You visited 1 branch of the dungeon, and saw 2 of its levels.

You collected 64 gold pieces.

Inventory:

Hand Weapons
 a - a +0 hand axe (weapon)
Missiles
 d - 4 boomerangs of dispersal
 g - 13 poisoned darts (quivered)
Armour
 b - a +0 leather armour (worn)
Scrolls
 c - a scroll of blinking
 e - 2 scrolls of magic mapping {unknown}
 f - 4 scrolls of identify {unknown}
 h - a scroll of teleportation {unknown}
Potions
 i - a potion of curing {unknown}


   Skills:
 + Level 4.6 Fighting
 + Level 1.0 Short Blades
 + Level 1.0 Long Blades
 + Level 4.6 Axes
 + Level 1.0 Maces & Flails
 + Level 1.0 Polearms
 + Level 1.0 Staves
 + Level 1.0 Slings
 + Level 1.0 Bows
 + Level 1.0 Crossbows
 + Level 2.6 Throwing
 + Level 2.6 Armour
 + Level 4.6 Dodging
 + Level 1.0 Stealth
 + Level 1.0 Shields
 + Level 1.0 Unarmed Combat
 + Level 5.0 Spellcasting
 + Level 0.7 Conjurations
 + Level 0.7 Hexes
 + Level 0.7 Summonings
 + Level 0.7 Necromancy
 + Level 5.4 Translocations
 + Level 0.7 Transmutations
 + Level 0.7 Fire Magic
 + Level 0.7 Ice Magic
 + Level 0.7 Air Magic
 + Level 0.7 Earth Magic
 + Level 0.7 Poison Magic
 + Level 1.0 Invocations
 + Level 1.0 Evocations


You had 12 spell levels left.
You didn't know any spells.
Your spell library contained the following spells:

 Spells                   Type           Power      Damage    Failure   Level
 Blink                    Tloc           32%        N/A       4%          2
 Gell's Gravitas          Tloc           16%        N/A       9%          3
 Lesser Beckoning         Tloc           16%        N/A       9%          3
 Teleport Other           Tloc           16%        N/A       9%          3
 Manifold Assault         Tloc           16%        N/A       61%         5


Dungeon Overview and Level Annotations

Branches:
Dungeon (2/15)

Altars:

Annotations:
D:2 Natasha


Innate Abilities, Weirdness & Mutations

You have very sharp teeth.
Your uncanny sense of smell can sniff out nearby items.
Your experience applies equally to all skills.


Message History

You bite the crimson imp, but do no damage.
The crimson imp is lightly wounded.
The crimson imp closely misses you.
You hit the crimson imp.
The crimson imp is moderately wounded.
The crimson imp blinks!
Natasha closely misses you.
The crimson imp blinks!
You miss Natasha.
Natasha is lightly wounded.
Natasha casts a spell.
You miss Natasha. Your bite misses Natasha.
Natasha is lightly wounded.
You barely miss the iron imp.
Natasha looks more healthy.
Natasha claws you.
You closely miss Natasha. You bite Natasha, but do no damage.
Natasha is lightly wounded.
You hit the iron imp but do no damage. The iron imp hits you!
Natasha claws you.
Unknown command.
Unknown command.
You aren't carrying any items that you can evoke.
Unknown command.
Throw: 14 darts (poison)
Press: ? - help, Q - select action, (/) - cycle Shift-Dir - straight line, f/p - Natasha
Aim: Natasha (lightly wounded, 51% to hit)
You throw a poisoned dart. The poisoned dart hits Natasha.
Natasha is poisoned.
Natasha is lightly wounded.
Natasha claws you.
* * * LOW HITPOINT WARNING * * *
The iron imp closely misses you.
The crimson imp blinks!
Natasha casts a spell.
Natasha casts a spell at you. You resist with significant effort.
Natasha looks more healthy.
The shadow imp shouts, "Bolt, thou baffled roguish mule!"
The shadow imp gestures at you. Pain shoots through your body!
* * * LOW HITPOINT WARNING * * *
The shadow imp gestures at you. Pain shoots through your body!
You die...

............#.##........#
#####.#.....#.##........#
#.#.......##........#
..###'#..###...h5...# ####
#.##............#
#.##.[##.5......#
#######.....##........#
#.....#####..#........#
#.....# ##.#@.......# #.....#
#.....###'##
#.....#######..#.....#
#.................)#.########
#####.#####....#<..#.##.....#
#.....#.....(..#.##.###.#
#####.#........#....#...#
#[#...#....#.####.###
#.'........'......#


You could see an iron imp (summoned), Natasha and a shadow imp (summoned).

Vanquished Creatures
  An adder (D:2)
  3 worms (D:2)
  2 dart slugs (D:1)
  An orc (D:2)
  A ball python (D:2)
  An endoplasm (D:2)
  3 giant cockroaches
  3 goblins
  3 hobgoblins
  2 jackals (D:1)
  2 quokkas (D:1)
  A frilled lizard (D:1)
  3 rats
26 creatures vanquished.

Notes
Turn   | Place    | Note
-------+----------+-------------------------------------------
     0 | D:1      | iamoutofideas the Gnoll Warper began the quest for the Orb.
     0 | D:1      | Reached XP level 1. HP: 20/20 MP: 6/6
   318 | D:1      | Reached XP level 2. HP: 26/26 MP: 7/7
   854 | D:2      | Reached skill level 5 in Spellcasting
   854 | D:2      | Reached XP level 3. HP: 26/31 MP: 7/9
  1071 | D:2      | Reached skill level 1 in Invocations
  1379 | D:2      | Reached skill level 1 in Short Blades
  1379 | D:2      | Reached skill level 1 in Long Blades
  1379 | D:2      | Reached skill level 1 in Maces & Flails
  1379 | D:2      | Reached skill level 1 in Polearms
  1379 | D:2      | Reached skill level 1 in Staves
  1379 | D:2      | Reached skill level 1 in Slings
  1379 | D:2      | Reached skill level 1 in Bows
  1379 | D:2      | Reached skill level 1 in Crossbows
  1379 | D:2      | Reached skill level 1 in Stealth
  1379 | D:2      | Reached skill level 1 in Shields
  1379 | D:2      | Reached skill level 1 in Unarmed Combat
  1379 | D:2      | Reached skill level 1 in Evocations
  1636 | D:2      | Noticed Natasha
  1659 | D:2      | Killed from afar by a shadow imp

Illustrated notes

Levels and vault maps discovered:
D:1:      heliophobic_arrival_ceremonial_halls, layout_basic
D:2:      layout_basic, uniq_natasha

Skill      XL: |  1  2  3 |
---------------+----------+-----
Spellcasting   | 5 |  5.0
Invocations    | 1 |  1.0
Short Blades   | 1 |  1.0
Long Blades    | 1 |  1.0
Maces & Flails | 1 |  1.0
Polearms       | 1 |  1.0
Staves         | 1 |  1.0
Slings         | 1 |  1.0
Bows           | 1 |  1.0
Crossbows      | 1 |  1.0
Stealth        | 1 |  1.0
Shields        | 1 |  1.0
Unarmed Combat | 1 |  1.0
Evocations     | 1 |  1.0
Fighting       | |  4.6
Axes           | |  4.6
Throwing       | |  2.6
Armour         | |  2.6
Dodging        | |  4.6
Conjurations   | |  0.7
Hexes          | |  0.7
Summonings     | |  0.7
Necromancy     | |  0.7
Translocations | |  5.4
Transmutations | |  0.7
Fire Magic     | |  0.7
Ice Magic      | |  0.7
Air Magic      | |  0.7
Earth Magic    | |  0.7
Poison Magic   | |  0.7

Action                   || total
-------------------------++-------
Melee: Hand axe          ||   107
       Bite              ||     7
Throw: Dart              ||    10
       Boomerang         ||     1
Armor: Leather armour    ||    24
Dodge: Dodged            ||    61

Table legend: (Time is in decaauts)
 A = Elapsed time spent in this place.
 B = Non-inter-level travel time spent in this place.
 C = Inter-level travel time spent in this place.
 D = Time resting spent in this place.
 E = Time spent auto-exploring this place.
 F = Levels seen in this place.
 G = Mean time per level.
                   A        B        C        D        E       F      G
               +--------+--------+--------+--------+--------+-----+--------+
         Total |   1665 |   1616 |     49 |      0 |   1369 |   2 |  832.5 |
       Dungeon |   1665 |   1616 |     49 |      0 |   1369 |   2 |  832.5 |
               +--------+--------+--------+--------+--------+-----+--------+

Top non-repeatable levels by time:
     D:1: 835 daAuts
     D:2: 830 daAuts
